 Seeded DCSS version 0.28.0-45-g0d030f2227 (webtiles) character file.

Game seed: 7525391049535536568 (custom seed)

238 oldmanjim the Chucker (level 6, -12/62 HPs)
             Began as an Ogre Hunter on Apr 17, 2022.
             Mangled by an orc warrior
             ... wielding a +0 dire flail
              (18 damage)
             ... on level 3 of the Dungeon.
             The game lasted 00:18:05 (2569 turns).

oldmanjim the Chucker (Ogre Hunter)                 Turns: 2569, Time: 00:18:06

Health: -12/62     AC:  3    Str: 12    XL:     6   Next: 7%
Magic:  6/6        EV: 10    Int: 14    God:
Gold:   136        SH:  0    Dex:  9    Spells: 5/5 levels left

rFire   + . .      SeeInvis .   b - +8 war axe of Dishonour {vorpal, rElec rF+ Will++ Str-5 Stlth-}
rCold   . . .      Faith    .   (no shield)
rNeg    . . .      Spirit   .   j - +0 robe
rPois   .          Reflect  .   (helmet restricted)
rElec   +          Harm     .   (no cloak)
rCorr   .          Rampage  .   (gloves unavailable)
Will    ++...                   (boots unavailable)
Stlth   ..........              (no amulet)
HPRegen 0.20/turn               (no ring)
MPRegen 0.10/turn               (no ring)

@: no status effects
A: large, unfitting armour, tough skin 1
a: no special abilities


You were on level 3 of the Dungeon.
You visited 1 branch of the dungeon, and saw 4 of its levels.

You collected 136 gold pieces.

Inventory:

Hand Weapons
 a - a +1 dagger of speed
 b - the +8 war axe of Dishonour (weapon) {vorpal, rElec rF+ Will++ Str-5 Stlth-}
   (You found it on level 2 of the Dungeon)

   It inflicts extra damage upon your enemies.
   Str:       It affects your strength (-5).
   rF:        It protects you from fire.
   rElec:     It insulates you from electricity.
   Will:      It greatly increases your willpower.
   Stlth:     It makes you less stealthy.
 h - a +0 short sword
Missiles
 c - 4 large rocks (quivered)
 d - 2 throwing nets
 f - 51 stones
 k - 14 poisoned darts
Armour
 j - a +0 robe (worn)
Scrolls
 g - a scroll of summoning {unknown}
 i - 2 scrolls of identify {unknown}
Potions
 e - a potion of magic {unknown}


   Skills:
 - Level 4.0 Fighting
 + Level 3.1 Axes
 + Level 5.7 Throwing
 - Level 2.0 Dodging
 - Level 0.6 Stealth


You had 5 spell levels left.
You didn't know any spells.
Your spell library contained the following spells:

 Spells                   Type           Power      Damage    Failure   Level
 Magic Dart               Conj           0%         1d3       28%         1
 Call Imp                 Summ           0%         N/A       41%         2
 Mephitic Cloud           Conj/Pois/Air  0%         N/A       65%         3


Dungeon Overview and Level Annotations

Branches:
Dungeon (4/15)
 Temple: D:4-7

Altars:


Innate Abilities, Weirdness & Mutations

You are too large for most types of armour.
You have tough skin. (AC +1)


Message History

Robin barely misses you.
You climb upwards.
Found a leather armour and a whip.
There is a stone staircase leading down here.
You hit Robin.
Robin is moderately wounded.
Robin hits you with a +1 whip of electrocution.
You slash Robin!
You kill Robin!
You start resting.
HP restored.
You climb downwards.
The orc warrior hits you with a +0 dire flail!
There is a stone staircase leading up here.
The orc warrior hits you with a +0 dire flail!
You climb upwards.
There is a stone staircase leading down here.
You hit the orc warrior but do no damage.
The orc warrior hits you with a +0 dire flail!
The orc warrior misses you.
You slash the orc warrior!
The orc warrior is heavily wounded.
The orc warrior hits you with a +0 dire flail!
You are too injured to fight recklessly!
You are too injured to fight recklessly!
You hit the orc warrior.
The orc warrior is severely wounded.
The orc warrior hits you with a +0 dire flail.
You closely miss the orc warrior.
The orc warrior is severely wounded.
The orc warrior hits you with a +0 dire flail!
* * * LOW HITPOINT WARNING * * *
The orc warrior closely misses you.
You hit the orc warrior.
The orc warrior is severely wounded.
The orc warrior closely misses you.
You barely miss the orc warrior.
The orc warrior is severely wounded.
The orc warrior hits you with a +0 dire flail!!
You die...

###############
.......@o....[)
#######.#######
#.# #.# #.# #.#
#.# #.#


You could see an orc warrior.

Vanquished Creatures
  A necrophage (D:4)
  A hound (D:4)
  A hound skeleton (D:4)
  Robin (D:3)
  3 adders (D:4)
  3 worms
  A dart slug (D:4)
  An orc (D:4)
  3 ball pythons
  5 endoplasms
  8 goblins
  8 hobgoblins
  2 quokkas
  2 bats (D:1)
  A frilled lizard (D:1)
  13 kobolds
  A rat (D:2)
55 creatures vanquished.

Vanquished Creatures (others)
  A plant (D:1)
1 creature vanquished.

Grand Total: 56 creatures vanquished

Notes
Turn   | Place    | Note
-------+----------+-------------------------------------------
     0 | D:1      | oldmanjim the Ogre Hunter began the quest for the Orb.
     0 | D:1      | Reached XP level 1. HP: 22/22 MP: 1/1
   117 | D:1      | Found a faded altar of an unknown god.
   321 | D:1      | Reached XP level 2. HP: 31/31 MP: 2/2
   992 | D:2      | Reached XP level 3. HP: 37/37 MP: 3/3
  1144 | D:2      | Identified the +8 war axe of Dishonour {vorpal, rElec rF+
                  | Will++ Str-5 Stlth-}
  1404 | D:2      | You fall into a shaft and drop 2 floors!
  1703 | D:4      | Reached skill level 1 in Axes
  1703 | D:4      | Reached XP level 4. HP: 42/48 MP: 4/4
  1792 | D:4      | Reached skill level 5 in Throwing
  2040 | D:4      | Noticed a necrophage
  2048 | D:4      | Killed a necrophage
  2049 | D:4      | Reached XP level 5. HP: 29/54 MP: 5/5
  2384 | D:4      | Noticed Robin
  2395 | D:4      | Reached XP level 6. HP: 62/62 MP: 6/6
  2431 | D:4      | Noticed an orc warrior
  2446 | D:3      | Killed Robin
  2569 | D:3      | Mangled by an orc warrior

Illustrated notes

Levels and vault maps discovered:
D:1:      saegor_arrival_simple_a, layout_rooms,
          hellmonk_ecumenical_altar_inner_sanctum, serial_bayou_pond_b
D:2:      layout_basic
D:3:      layout_basic, mainiacjoe_overflow_chevrons
D:4:      minmay_general_purpose_star, layout_rooms, guppyfry_early_orc_mine,
          uniq_robin

Skill      XL: |  1  2  3  4  5 |
---------------+----------------+-----
Dodging        | 2 |  2.0
Fighting       | 3 4 |  4.0
Axes           | 1 2 3 |  3.1
Throwing       | 5 |  5.7
Stealth        | |  0.6

Action                   |  1- 3 |  4- 6 || total
-------------------------+-------+-------++-------
Melee: Short sword       |    29 |       ||    29
       Dagger            |    40 |       ||    40
       War axe           |    22 |    33 ||    55
       Punch             |     1 |       ||     1
Throw: Stone             |    98 |    36 ||   134
       Large rock        |       |     1 ||     1
  Use: Scroll            |     1 |       ||     1
 Stab: Sleeping          |     1 |       ||     1
Armor: Robe              |    14 |     5 ||    19
Dodge: Dodged            |    32 |    11 ||    43
